 Dungeon Crawl Stone Soup version 0.19-a0-860-g5c370dd (webtiles) character file.

6122 rageheart7 the Carver (level 10, -3/64 HPs)
             Began as a Tengu Fighter on July 3, 2016.
             Was a Priest of Okawaru.
             Slain by an eight-headed hydra (14 damage)
             ... on level 1 of the Lair of Beasts.
             The game lasted 00:30:52 (9636 turns).

rageheart7 the Carver (Tengu Fighter)               Turns: 9636, Time: 00:30:53

Health: -3/64      AC: 12    Str: 21    XL:     10   Next: 89%
Magic:  13/13      EV: 17    Int: 12    God:    Okawaru [***...]
Gold:   544        SH:  3    Dex: 14    Spells: 0 memorised, 9 levels left

rFire  . . .     SeeInvis +     y - +1 great sword
rCold  + + .     Gourm    .     g - +1 ring mail of Sise {rC++ Int+3 SInv Stlth-}
rNeg   . . .     Faith    .     (shield currently unavailable)
rPois  .         Spirit   .     (helmet restricted)
rElec  +         Dismiss  .     (no cloak)
rCorr  .         Reflect  +     i - +0 pair of gloves
SustAt .         Harm     .     (boots unavailable)
MR     .....                    n - +3 amulet of reflection
Stlth  ..........               (no ring)
                                r - +1 ring of evasion

@: flying quickly and evasively, very slightly contaminated, hasted, very quick,
not resistant to hostile enchantments, extremely unstealthy
A: beak, talons 3, molten scales 1, yellow scales 2, electricity resistance,
strong 1, evolution 1, MP-powered wands, able to fly 1
a: Heroism, Renounce Religion


You were on level 1 of the Lair of Beasts.
You worshipped Okawaru.
Okawaru was most pleased with you.
You were hungry.

You visited 3 branches of the dungeon, and saw 12 of its levels.

You collected 614 gold pieces.
You spent 70 gold pieces at shops.

Inventory:

Hand Weapons
 y - a +1 great sword (weapon)
Armour
 g - the +1 ring mail of Sise (worn) {rC++ Int+3 SInv Stlth-}
   (You found it on level 4 of the Dungeon)

   It affects your intelligence (+3).
   It greatly protects you from cold.
   It lets you see invisible.
   It makes you less stealthy.
 i - a +0 pair of gloves (worn)
Jewellery
 n - a +3 amulet of reflection (around neck)
 r - a +1 ring of evasion (left hand)
Wands
 d - a wand of confusion (23/48)
 e - a wand of teleportation (6/9)
 l - a wand of lightning (10/15)
 q - a wand of flame (12/48)
 s - a wand of random effects (21/48)
 A - a wand of disintegration (10/24)
Scrolls
 b - 2 scrolls of teleportation
 k - 7 scrolls of remove curse
 u - a scroll of blinking
Potions
 c - a potion of heal wounds
 m - 2 potions of magic
 o - a potion of resistance
 z - a potion of brilliance
Books
 p - a book of Maledictions

   Spells                             Type                      Level
   a - Corona                         Hexes                        1
   b - Ensorcelled Hibernation        Hexes/Ice                    2
   c - Confuse                        Hexes                        3
   d - Tukima's Dance                 Hexes                        3
   e - Dazzling Spray                 Conjuration/Hexes            3
Comestibles
 f - 14 bread rations
 h - 4 slices of pizza
 j - 4 meat rations
 v - a beef jerky
 B - 7 fruits


   Skills:
 + Level 8.3 Fighting
 * Level 12.9 Long Blades
 + Level 5.9 Armour
 + Level 5.1 Dodging
   Level 3.0 Shields
 + Level 3.0 Evocations


You had 9 spell levels left.
You didn't know any spells.

Dungeon Overview and Level Annotations

Branches:
Dungeon (10/15)            Temple (1/1) D:7            Lair (1/6) D:9
    Orc (0/2) D:9

Altars:
Ashenzari
Cheibriados
Dithmenos
Elyvilon
Fedhas
Gozag
Hepliaklqana
Kikubaaqudgha
Makhleb
Nemelex Xobeh
Okawaru
Pakellas
Qazlal
Ru
Sif Muna
Trog
Vehumet
Xom
Yredelemnul
Zin
The Shining One
Beogh

Shops:
D:5 *   D:6 !*%([

Annotations:
D:5 Zephanos's ghost, amateur DsCK


Innate Abilities, Weirdness & Mutations

You have a beak for a mouth.
You have claws for feet.
You can fly.
You are partially covered in molten scales. (AC +1)
You are mostly covered in yellow scales. (AC +3)
You are resistant to electric shocks. (rElec)
Your muscles are strong. (Str +2)
You evolve.
You expend magic power (3 MP) to strengthen your wands.


Message History

The seven-headed hydra is moderately wounded.
The seven-headed hydra bites you!
The seven-headed hydra completely misses you.
You block the seven-headed hydra's attack.
The seven-headed hydra closely misses you.
The seven-headed hydra bites you but does no damage.
The seven-headed hydra barely misses you. x2
You hack one of the seven-headed hydra's heads off!
The six-headed hydra grows two more!
You slice the eight-headed hydra!! You claw the eight-headed hydra.
The eight-headed hydra is heavily wounded.
You hit the eight-headed hydra but do no damage.
The eight-headed hydra is heavily wounded.
The eight-headed hydra closely misses you.
The eight-headed hydra bites you!
The eight-headed hydra barely misses you.
The eight-headed hydra bites you. The eight-headed hydra bites you! x2
* * * LOW HITPOINT WARNING * * *
The eight-headed hydra bites you!
You die...

#.... #.... #.... #....
#. +# #.... #.. .# ..
#.... ##.#####.### ....
#.#.#
#..##.#.+..##....P#..##
#....@D...............
#.....................
#...............P.....
#...........≈≈≈≈≈≈≈P..
#.#..##(#.P≈≈.≈♣≈.....
##.###..#.P≈≈≈≈≈≈≈≈.≈..
#..##......≈≈≈≈≈≈≈≈≈..+
##.##......≈≈.≈≈≈≈≈.P..
##..#.......≈ .≈≈≈≈≈...


You could see an eight-headed hydra.

Vanquished Creatures
  2 spiny frogs
  A komodo dragon (Lair:1)
  A troll (D:9)
  A two-headed ogre (D:9)
  A blink frog (D:9)
  4 yaks (Lair:1)
  3 hippogriffs
  A basilisk (Lair:1)
  Edmund (D:4)
  A water moccasin (Lair:1)
  3 porcupines
  An orc warrior (D:9)
  A wasp (D:10)
  An ice beast (D:9)
  2 phantoms
  4 centaurs
  An ogre (D:4)
  A crocodile (Lair:1)
  2 big kobolds
  7 giant frogs
  3 howler monkeys
  A jelly (D:5)
  2 crimson imps
  4 orc priests
  2 hounds
  2 centaur skeletons
  A hell rat (D:9)
  Natasha (thrice) (D:3)
  2 iguanas
  13 orc wizards
  6 worker ants
  2 worker ant zombies
  12 adders
  15 river rats (Lair:1)
  2 shadow imps
  An ooze (D:2)
  An adder zombie (D:8)
  2 adder skeletons
  3 worms
  A dart slug (D:1)
  2 giant geckos
  32 orcs
  2 ball pythons (D:3)
  11 bats
  4 giant cockroaches
  8 goblins
  8 hobgoblins
  8 jackals
  4 quokkas
  A ball python skeleton (D:4)
  A giant cockroach zombie (D:6)
  A giant gecko zombie (D:5)
  7 giant newts
  18 kobolds
  8 rats
232 creatures vanquished.

Vanquished Creatures (others)
  An orc (D:4)
  A fungus (Lair:1)
  A plant (Lair:1)
3 creatures vanquished.

Grand Total: 235 creatures vanquished

Notes
Turn   | Place    | Note
-------+----------+-------------------------------------------
     0 | D:1      | rageheart7 the Tengu Fighter began the quest for the Orb.
     0 | D:1      | Reached XP level 1. HP: 14/14 MP: 2/2
    42 | D:1      | Reached XP level 2. HP: 13/19 MP: 3/3
   335 | D:1      | Reached XP level 3. HP: 20/23 MP: 4/4
   352 | D:1      | Reached skill level 3 in Long Blades
   721 | D:2      | Reached XP level 4. HP: 28/29 MP: 5/5
   821 | D:2      | Found a snail-covered altar of Cheibriados.
   936 | D:2      | Reached skill level 4 in Long Blades
  1433 | D:3      | Gained mutation: You can fly. [Tengu growth]
  1433 | D:3      | Reached XP level 5. HP: 30/33 MP: 6/6
  1539 | D:3      | Noticed Natasha
  1547 | D:3      | Killed Natasha
  1547 | D:3      | Reached skill level 5 in Long Blades
  1556 | D:3      | Noticed Natasha
  1566 | D:3      | Killed Natasha
  1566 | D:3      | Reached XP level 6. HP: 17/39 MP: 7/7
  1789 | D:3      | Found a sparkling altar of Nemelex Xobeh.
  1883 | D:3      | Noticed Natasha
  1888 | D:3      | Killed Natasha
  2033 | D:4      | Noticed a phantom
  2045 | D:3      | Reached skill level 5 in Fighting
  2045 | D:3      | Reached skill level 6 in Long Blades
  2326 | D:4      | Reached XP level 7. HP: 15/44 MP: 8/8
  2368 | D:4      | Noticed Edmund
  2748 | D:4      | Got a transparent ring mail
  2759 | D:4      | Identified the +1 ring mail of Sise {rC++ Int+3 SInv Stlth-} (You found it on level 4 of the Dungeon)
  2985 | D:4      | Reached skill level 7 in Long Blades
  3124 | D:4      | Found an opulent altar of Gozag.
  3222 | D:4      | Killed Edmund
  3236 | D:5      | Entered Level 5 of the Dungeon
  3236 | D:5      | Noticed Zephanos's ghost (amateur DsCK)
  3361 | D:5      | Reached skill level 8 in Long Blades
  3659 | D:5      | Reached XP level 8. HP: 51/51 MP: 9/9
  3702 | D:5      | Found Nuofyih's Assorted Antiques.
  4119 | D:5      | Reached skill level 9 in Long Blades
  4536 | D:5      | Reached skill level 1 in Evocations
  5009 | D:6      | Found Fuck's Antique Weapon Boutique.
  5038 | D:6      | Found Toucridgh's Food Boutique.
  5150 | D:6      | Found Aggaysiq's General Store.
  5214 | D:6      | Reached skill level 10 in Long Blades
  5414 | D:6      | Found Bomeha's Armour Shop.
  5567 | D:6      | Found Sizisch Saymu's Distillery.
  5586 | D:6      | Bought a potion of mutation for 35 gold pieces
  5586 | D:6      | Bought a potion of mutation for 35 gold pieces
  5586 | D:6      | Gained mutation: You are partially covered in yellow scales. (AC +2) [potion of mutation]
  5586 | D:6      | Gained mutation: You are partially covered in molten scales. (AC +1) [potion of mutation]
  5586 | D:6      | Gained mutation: You are resistant to electric shocks. (rElec) [potion of mutation]
  5587 | D:6      | Gained mutation: You are mostly covered in yellow scales. (AC +3) [potion of mutation]
  5588 | D:6      | Gained mutation: You expend magic power (3 MP) to strengthen your wands. [potion of mutation]
  5588 | D:6      | Gained mutation: Your muscles are strong. (Str +2) [potion of mutation]
  5588 | D:6      | Gained mutation: You evolve. [potion of mutation]
  5861 | D:7      | Reached XP level 9. HP: 56/56 MP: 11/11
  6097 | D:7      | Found a staircase to the Ecumenical Temple.
  6207 | Temple   | Entered the Ecumenical Temple
  6296 | Temple   | Became a worshipper of Warmaster Okawaru
  6683 | D:8      | Found a stormy altar of Qazlal.
  6683 | D:8      | Found a burning altar of Makhleb.
  7180 | D:9      | Noticed a two-headed ogre
  7182 | D:9      | Killed a two-headed ogre
  7279 | D:9      | Found a staircase to the Orcish Mines.
  7355 | D:9      | Found a hazy altar of Hepliaklqana.
  7368 | D:9      | Noticed a spiny frog
  7368 | D:9      | Noticed a troll
  7392 | D:9      | Reached skill level 1 in Dodging
  7410 | D:9      | Found a roughly hewn altar of Beogh.
  7559 | D:9      | Killed a troll
  7601 | D:9      | Found a staircase to the Lair.
  7613 | D:9      | Reached skill level 11 in Long Blades
  7644 | D:9      | Killed a spiny frog
  7644 | D:9      | Reached * piety under Okawaru
  7852 | D:9      | Reached skill level 5 in Armour
  7865 | D:9      | Reached XP level 10. HP: 24/63 MP: 8/12
  8467 | D:9      | Found a shattered altar of Ashenzari.
  8518 | D:10     | Entered Level 10 of the Dungeon
  8529 | D:10     | Noticed a hill giant
  8789 | Lair:1   | Entered Level 1 of the Lair of Beasts
  8797 | Lair:1   | Reached ** piety under Okawaru
  8843 | Lair:1   | Reached skill level 12 in Long Blades
  9136 | Lair:1   | Noticed a spiny frog
  9144 | Lair:1   | HP: 3/96 [spiny frog (4)]
  9147 | Lair:1   | Killed a spiny frog
  9147 | Lair:1   | Reached *** piety under Okawaru
  9287 | Lair:1   | Reached skill level 5 in Dodging
  9499 | Lair:1   | Noticed a five-headed hydra
  9636 | Lair:1   | Slain by an eight-headed hydra

Vault maps used:
D:1:      dpeg_arrival_water_altar
D:2:      cheibriados_altar_1, small_statue_intersection
D:3:      nemelex_xobeh_ov_fountains_minmay, uniq_natasha
D:4:      lemuel_doored_altar, uniq_edmund
D:5:      minmay_shop_star, first_bread, minmay_tree_intersection
D:6:      serial_shops, shop, shop, shop_fountains, shop_coins,
          nicolae_shop_behind_doors
D:7:      dancing_weapons_uskayaw
D:8:      minitemple
D:9:      lemuel_round_altar, lemuel_round_altar, dpeg_lair_monsters,
          minmay_orc_entry_temple_small
D:10:     uniq_erica
Temple:   regret_index_temple_waves
Lair:1:   portal_ice_cave_entry_pillars_1, cheibrodos_lair_caveside_slide,
          serial_bayou_pond_b, st_stairs_6, lemuel_fruit_fields,
          serial_bayou_shore_b, grunt_megastairs_2, lemuel_fruit_fields,
          lemuel_fruit_fields

Skill      XL: |  1  2  3  4  5  6  7  8  9 10 |
---------------+-------------------------------+-----
Long Blades    | 3 4 5 6 8 10 11 12 | 12.9
Fighting       | 4 5 6 7 8 |  8.3
Evocations     | 1 2 3 |  3.0
Armour         | 5 |  5.9
Dodging        | 2 5 |  5.1
Shields        | |  3.0

Action                   |  1- 3 |  4- 6 |  7- 9 | 10-12 || total
-------------------------+-------+-------+-------+-------++-------
Melee: Long sword        |    85 |   164 |   273 |       ||   522
       Kick              |    17 |    39 |   120 |    61 ||   237
       Peck              |    11 |    32 |    81 |    46 ||   170
       Great sword       |       |       |   110 |   202 ||   312
Invok: Heroism           |       |       |       |     1 ||     1
 Abil: Fly               |       |       |     1 |       ||     1
Evoke: Wand              |       |       |    19 |    13 ||    32
  Use: Scroll            |     5 |     8 |    14 |     4 ||    31
       Potion            |       |     2 |    10 |     5 ||    17
  Eat: Chunk             |       |     4 |    10 |       ||    14
       Fruit             |       |     1 |     1 |       ||     2
       Royal jelly       |       |       |     1 |       ||     1
       Beef jerky        |       |       |     1 |       ||     1
       Bread ration      |       |       |     1 |       ||     1
       Meat ration       |       |       |       |     1 ||     1
Armor: Scale mail        |    56 |    53 |     2 |       ||   111
       Skin              |       |    12 |     8 |     2 ||    22
       Ring mail         |       |       |    95 |    55 ||   150
Dodge: Dodged            |    34 |    45 |   135 |   112 ||   326
Block: Shield            |    62 |   107 |   133 |       ||   302
       Reflection        |       |     2 |     9 |       ||    11
       Other             |       |       |    13 |    26 ||    39
